 Dungeon Crawl Stone Soup version 0.28-a0-925-gd5e1996cdb (webtiles) character file.

Game seed: 4383466865546773016

252 ryw the Skirmisher (level 5, -5/47 HPs)
             Began as a Minotaur Fighter on Nov 26, 2021.
             Slain by an iguana (6 damage)
             ... on level 4 of the Dungeon.
             The game lasted 00:04:40 (2638 turns).

ryw the Skirmisher (Minotaur Fighter)               Turns: 2638, Time: 00:04:41

Health: -5/47      AC:  9    Str: 22    XL:     5   Next: 89%
Magic:  4/4        EV:  9    Int:  5    God:
Gold:   141        SH:  0    Dex: 17    Spells: 4/4 levels left

rFire   . . .      SeeInvis +   f - +0 battleaxe
rCold   . . .      Faith    .   (shield currently unavailable)
rNeg    . . .      Spirit   .   l - +2 scale mail
rPois   .          Reflect  .   (helmet restricted)
rElec   +          Harm     .   (no cloak)
rCorr   .          Rampage  .   (no gloves)
Will    .....                   (no boots)
Stlth   ..........              m - amulet of magic regeneration
HPRegen 0.15/turn               a - ring of Guni {Wiz rElec Dex+8 SInv}
MPRegen 0.49/turn               (no ring)

@: no status effects
A: horns 2, retaliatory headbutt
a: no special abilities


You were on level 4 of the Dungeon.
You visited 1 branch of the dungeon, and saw 4 of its levels.

You collected 141 gold pieces.

Inventory:

Hand Weapons
 d - a +6 hand crossbow
 f - a +0 battleaxe (weapon)
Missiles
 h - 16 poisoned darts (quivered)
Armour
 j - a +0 kite shield
 l - a +2 scale mail (worn)
Jewellery
 a - the ring of Guni (left hand) {Wiz rElec Dex+8 SInv}
   (You acquired it on level 3 of the Dungeon)

   [ring of wizardry]

   It improves your spell success rate.
   Dex:       It affects your dexterity (+8).
   rElec:     It insulates you from electricity.
   SInv:      It lets you see invisible.
 m - an amulet of magic regeneration (around neck)
Scrolls
 e - 6 scrolls of identify {unknown}
 p - 2 scrolls of teleportation {unknown}
Potions
 i - a potion of invisibility
 r - 3 potions of flight {unknown}
 s - a potion of curing {unknown}


   Skills:
 + Level 4.5 Fighting
 - Level 3.4 Long Blades
 * Level 4.5 Axes
 + Level 2.0 Crossbows
 + Level 4.5 Armour
 - Level 3.6 Shields


You had 4 spell levels left.
You didn't know any spells.
Your spell library contained the following spells:

 Spells                   Type           Power      Damage    Failure   Level
 Freeze                   Ice            0%         1d3       45%         1
 Frozen Ramparts          Ice            0%         1d2       82%         3
 Hailstorm                Conj/Ice       0%         3d3       99%         4


Dungeon Overview and Level Annotations

Branches:
Dungeon (4/15)
 Temple: D:4-7

Altars:
Beogh


Innate Abilities, Weirdness & Mutations

You have a pair of horns on your head.
You reflexively headbutt those who attack you in melee.


Message History

No target in view!
No target in view!
No target in view!
You feel your willpower return.
You now have 141 gold pieces (gained 11).
An ogre comes into view. It is wielding a +0 giant club.
Found a robe.
The ogre shouts!
You hear an angry hiss.
An iguana comes into view.
The ogre hits you with a +0 giant club.
You slash the ogre!
The ogre is moderately wounded.
The ogre hits you with a +0 giant club!
You slash the ogre!
The ogre is almost dead.
The ogre hits you with a +0 giant club!
You barely miss the ogre. You headbutt the ogre.
The ogre is almost dead.
The ogre hits you with a +0 giant club!
* * * LOW HITPOINT WARNING * * *
Unknown command.
You slice the ogre!!
You kill the ogre!
Your Axes skill increases to level 4!
Your Crossbows skill increases to level 2!
You hit the iguana. You headbutt the iguana!
The iguana is heavily wounded.
The iguana bites you.
* * * LOW HITPOINT WARNING * * *
The iguana barely misses you.
Unknown command.
You closely miss the iguana. You headbutt the iguana.
The iguana is severely wounded.
The iguana bites you.
* * * LOW HITPOINT WARNING * * *
Unknown command.
You closely miss the iguana.
The iguana is severely wounded.
The iguana closely misses you. The iguana bites you.
You die...

#. #.# #.# #.# #
## #.# .
..######## #.# .
.........#
#.####.# #
#(######.#
#..@l..# # #.#
##.###.###### #
#.# #......# #
#.#####..###.#
###............#
.##..####..#####
..#..# #..#
..#..####..#
...........#


You could see an iguana.

Vanquished Creatures
  The ghost of gigimoi the Sneak, an amateur KoEn (D:3)
  An ogre (D:4)
  An adder (D:2)
  A dart slug (D:1)
  8 orcs (D:3)
  5 ball pythons
  3 endoplasms
  2 giant cockroaches
  A goblin (D:1)
  A hobgoblin (D:1)
  2 jackals (D:2)
  4 kobolds (D:2)
  4 bats
  6 frilled lizards
  5 rats
45 creatures vanquished.

Notes
Turn   | Place    | Note
-------+----------+-------------------------------------------
     0 | D:1      | ryw the Minotaur Fighter began the quest for the Orb.
     0 | D:1      | Reached XP level 1. HP: 19/19 MP: 0/0
   268 | D:1      | Reached XP level 2. HP: 26/26 MP: 1/1
   389 | D:1      | Reached skill level 1 in Axes
  1175 | D:2      | Reached XP level 3. HP: 27/31 MP: 2/2
  1888 | D:3      | Found a runed translucent gate.
  1888 | D:3      | Found a runed translucent gate.
  1889 | D:3      | Found a runed translucent gate.
  1930 | D:3      | Noticed gigimoi's ghost (amateur KoEn)
  2505 | D:3      | Killed gigimoi's ghost
  2506 | D:3      | Reached skill level 1 in Crossbows
  2506 | D:3      | Reached XP level 4. HP: 33/40 MP: 3/3
  2506 | D:3      | Reached XP level 5. HP: 38/46 MP: 4/4
  2570 | D:3      | Identified a scroll of acquirement
  2570 | D:3      | Acquired the ring of Guni {Wiz rElec Dex+8 SInv}
  2629 | D:4      | Noticed an ogre
  2635 | D:4      | Killed an ogre
  2637 | D:4      | HP: 1/47 [iguana (5)]
  2638 | D:4      | Slain by an iguana

Illustrated notes

Levels and vault maps discovered:
D:1:      shiori_shiawase, layout_loops_ring, grunt_decor_one_mirror,
          nicolae_concentric_dashed_squares_mild, hex_large, minmay_heptomino_h4
D:2:      layout_loops_corners, minivault_25
D:3:      layout_basic, biasface_ghost_orc_armoury, hex_medium
D:4:      layout_loops_ring, nicolae_overflow_hallway_of_the_gods, uniq_duvessa

Skill      XL: |  1  2  3  4  5 |
---------------+----------------+-----
Long Blades    | 3 |  3.4
Axes           | 2 3 4 |  4.5
Fighting       | 4 |  4.5
Crossbows      | 1 2 |  2.0
Armour         | 4 |  4.5
Shields        | |  3.6

Action                   |  1- 3 |  4- 6 || total
-------------------------+-------+-------++-------
Melee: Long sword        |    15 |       ||    15
       Headbutt          |     8 |     3 ||    11
       Battleaxe         |    71 |     7 ||    78
  Use: Potion            |     4 |       ||     4
       Scroll            |       |     4 ||     4
 Stab: Invisible         |     1 |       ||     1
Armor: Scale mail        |    54 |       ||    54
Dodge: Dodged            |    60 |     2 ||    62
Block: Buckler           |     4 |       ||     4

Table legend: (Time is in decaauts)
 A = Elapsed time spent in this place.
 B = Non-inter-level travel time spent in this place.
 C = Inter-level travel time spent in this place.
 D = Time resting spent in this place.
 E = Time spent auto-exploring this place.
 F = Levels seen in this place.
 G = Mean time per level.
                   A        B        C        D        E       F      G
               +--------+--------+--------+--------+--------+-----+--------+
         Total |   2686 |   2607 |     79 |      0 |   2210 |   4 |  671.5 |
       Dungeon |   2686 |   2607 |     79 |      0 |   2210 |   4 |  671.5 |
               +--------+--------+--------+--------+--------+-----+--------+

Top non-repeatable levels by time:
     D:1: 957 daAuts
     D:2: 950 daAuts
     D:3: 738 daAuts
     D:4: 40 daAuts
